Map: Cactus Valley LE (Void)

Players

LiquidSnute (Snute) - Winner!

  • Race: Zerg Zerg
  • Spawn Location: 7:00

LiquidTLO (TLO)

  • Race: Zerg Zerg
  • Spawn Location: 5:00

Event: IEM XI Katowice - World Championship 2017

VOD

Have the link to the VOD?

Description

Time

  • Played on: Feb. 27, 2017, 8:55 a.m.
  • Length: 7:24

All games in this series

Show
View Real Time Build Order
Export as new Build Order

LiquidSnute Zerg - Winner!

Build Orders: Pool First 

Get SALT Encoding   

  12  0:00  Drone  
  13  0:12  Overlord  
  13  0:17  Drone  
  14  0:30  Drone x2  
  14  0:34  Drone  
  17  0:40  Extractor  
  16  0:45  Drone  
  17  0:50  Spawning Pool  
  17  0:55  Drone  
  17  1:06  Drone  
  18  1:20  Hatchery  
  18  1:22  Drone  
  18  1:37  Queen  
  20  1:40  Metabolic Boost  
  20  1:44  Zergling x2  
  21  1:50  Overlord  
  21  1:53  Zergling x2  
  22  2:06  Baneling Nest  
  21  2:12  Queen  
  21  2:13  Drone  
  24  2:18  Drone  
  24  2:21  Drone  
  26  2:32  Drone  
  26  2:33  Drone  
  28  2:45  Zergling x10  
  33  2:52  Baneling x2  
  33  2:54  Drone  
  33  2:55  Overlord  
  34  3:04  Drone  
  35  3:06  Drone  
  36  3:16  Drone  
  36  3:19  Drone x2  
  39  3:24  Drone x2  
  39  3:25  Hatchery  
  36  3:29  Drone x2  
  36  3:34  Zergling x4  
  38  3:36  Zergling x2  
  38  3:40  Drone  
  40  3:44  Drone  
  41  3:50  Overlord  
  41  3:54  Drone  
  42  3:58  Roach Warren  
  42  4:00  Drone  
  42  4:01  Extractor  
  40  4:02  Queen  
  40  4:04  Drone  
  43  4:12  Drone  
  43  4:14  Drone x2  
  43  4:15  Overlord  
  46  4:18  Overlord  
  46  4:21  Overlord  
  44  4:41  Roach x8  
  60  4:49  Roach  
  60  4:51  Roach  
  60  4:52  Zergling x8  
  68  4:59  Zergling x2  
  69  5:03  Overlord  
  69  5:05  Zergling x2  
  70  5:10  Zergling x8  
  70  5:11  Zergling x6  
  77  5:14  Overlord  
  77  5:19  Overlord  
  77  5:27  Zergling x2  
  77  5:28  Zergling x4  
  78  5:34  Zergling x6  
  77  5:36  Ravager  
  77  5:39  Zergling x2  
  77  5:40  Zergling x10  
  76  5:43  Zergling x4  
  76  5:46  Ravager  
  76  5:51  Zergling x6  
  78  5:58  Zergling x4  
  78  5:59  Zergling x2  
  80  6:08  Ravager  
  80  6:09  Zergling x6  
  83  6:16  Roach x3  
  85  6:24  Evolution Chamber  
  85  6:25  Roach x6  
  96  6:31  Roach  
  98  6:34  Overlord  
  96  6:47  Overlord  
  96  6:52  Ravager  
  96  6:53  Roach x3  
  101  6:57  Roach  
  101  6:58  Roach x4  
  101  7:02  Overlord, Roach  
Show
View Real Time Build Order
Export as new Build Order

LiquidTLO Zerg 

Build Orders: Pool First 

Get SALT Encoding   

  12  0:00  Drone  
  13  0:13  Overlord  
  13  0:17  Drone  
  14  0:32  Drone x2  
  16  0:35  Drone  
  17  0:44  Spawning Pool  
  17  0:48  Drone  
  17  1:08  Hatchery  
  16  1:12  Drone  
  16  1:16  Extractor, Drone  
  17  1:20  Drone  
  18  1:29  Drone  
  19  1:34  Queen  
  19  1:39  Zergling x2  
  22  1:50  Overlord  
  22  2:08  Zergling x2  
  23  2:09  Queen  
  23  2:12  Overlord  
  25  2:22  Queen  
  27  2:27  Baneling Nest  
  26  2:32  Drone x2  
  26  2:33  Drone  
  29  2:41  Overlord  
  29  2:43  Drone  
  31  2:44  Drone  
  31  2:48  Drone  
  31  2:50  Drone  
  33  2:54  Drone  
  33  2:56  Drone  
  35  3:03  Drone  
  35  3:04  Zergling x2  
  37  3:08  Zergling x2  
  37  3:10  Baneling x2  
  38  3:17  Spine Crawler  
  38  3:19  Zergling x2  
  38  3:21  Zergling x2  
  38  3:24  Drone  
  38  3:26  Drone  
  38  3:30  Drone  
  38  3:33  Drone  
  37  3:47  Drone  
  37  3:48  Evolution Chamber  
  36  3:52  Drone  
  37  3:56  Drone  
  37  4:01  Roach Warren  
  37  4:03  Drone  
  37  4:07  Extractor, Drone  
  37  4:08  Drone  
  39  4:10  Drone  
  39  4:14  Zerg Missile Weapons Level 1  
  40  4:21  Drone  
  40  4:22  Overlord  
  39  4:38  Overlord  
  39  4:41  Roach x2  
  39  4:44  Roach x2  
  39  4:45  Roach  
  49  4:47  Roach x2  
  49  4:50  Roach  
  55  4:53  Roach  
  55  4:55  Roach  
  59  5:00  Roach  
  59  5:01  Roach  
  63  5:08  Roach x2  
  67  5:15  Overlord  
  66  5:33  Roach  
  66  5:35  Ravager  
  67  5:36  Roach  
  67  5:37  Roach  
  67  5:38  Roach x2  
  67  5:40  Queen  
  67  5:42  Roach  
  68  5:43  Roach x2  
  68  5:44  Drone  
  68  5:49  Roach  
  71  5:51  Roach  
  69  5:58  Queen, Roach  
  69  6:02  Roach  
  75  6:09  Roach  
  75  6:16  Queen  
  75  6:20  Drone  
  75  6:23  Overlord  
  75  6:24  Roach Warren  
  75  6:37  Evolution Chamber  
  74  6:50  Zergling x16  

Tags
 
Add a new tag
Caveats
  • Supply blocks, unpowered buildings, or Contaminate may cause inaccurate times.
  • Supply counts are checked every 10 seconds.